 Dungeon Crawl Stone Soup version 0.29-a0-270-g1586fc07ea (webtiles) character file.

Game seed: 934797838995127155

326 lunkers the Firebug (level 6, -1/32 HPs)
             Began as a Gargoyle Fire Elementalist on Mar 7, 2022.
             Was a Follower of Vehumet.
             Slain by a gnoll
             ... wielding a +0 spear
              (4 damage)
             ... on level 4 of the Dungeon.
             The game lasted 00:09:39 (3279 turns).

lunkers the Firebug (Gargoyle Fire Elementalist)    Turns: 3279, Time: 00:09:40

Health: -1/32      AC: 11    Str: 14    XL:     6   Next: 49%
Magic:  10/10      EV:  5    Int: 20    God:    Vehumet [*.....]
Gold:   195        SH:  0    Dex: 10    Spells: 8/11 levels left

rFire   . . .      SeeInvis .   a - +1 dagger (venom)
rCold   . . .      Faith    .   (no shield)
rNeg    + . .      Spirit   .   j - +1 ring mail of Yesterday {Str+2 Int+3}
rPois   ∞          Reflect  .   q - +0 helmet
rElec   +          Harm     .   (no cloak)
rCorr   .          Rampage  .   (no gloves)
Will    .....                   (no boots)
Stlth   +.........              f - amulet of magic regeneration
HPRegen 0.10/turn               (no ring)
MPRegen 0.52/turn               (no ring)

@: held
A: sickness immunity, AC +4, negative energy resistance 1, electricity
resistance, torment resistance 1, petrification resistance
a: Renounce Religion


You were on level 4 of the Dungeon.
You worshipped Vehumet.
Vehumet was aware of your devotion.
You visited 1 branch of the dungeon, and saw 4 of its levels.

You collected 195 gold pieces.

Inventory:

Hand Weapons
 a - a +1 dagger of venom (weapon)
Armour
 g - a +0 robe
 j - the +1 ring mail of Yesterday (worn) {Str+2 Int+3}
   (You found it on level 2 of the Dungeon)

   Str:       It affects your strength (+2).
   Int:       It affects your intelligence (+3).
 p - a +0 kite shield
 q - a +0 helmet (worn)
 w - the +1 robe "Ushungo" {rPois rF+ Stlth-}
   (You found it on level 3 of the Dungeon)

   rF:        It protects you from fire.
   rPois:     It protects you from poison.
   Stlth:     It makes you less stealthy.
Jewellery
 f - an amulet of magic regeneration (around neck)
 n - a ring of ice
 r - an amulet of regeneration
 z - an amulet of guardian spirit
 A - a +4 ring of protection
Wands
 u - a wand of flame (11)
Scrolls
 c - 2 scrolls of summoning {unknown}
 e - a scroll of identify {unknown}
 h - 2 scrolls of silence {unknown}
 i - a scroll of teleportation {unknown}
 m - a scroll of vulnerability {unknown}
 o - a scroll of magic mapping {unknown}
 t - a scroll of noise {unknown}
 v - a scroll of enchant weapon {unknown}
 x - a scroll of amnesia {unknown}
 y - 2 scrolls of immolation {unknown}
 C - a scroll of fear {unknown}
Potions
 b - a potion of magic
 d - a potion of curing {unknown}
 k - a potion of degeneration {unknown}
 l - a potion of brilliance {unknown}
 s - 2 potions of flight {unknown}
 B - 2 potions of berserk rage {unknown}


   Skills:
 - Level 1.5 Dodging
 - Level 2.1 Stealth
 + Level 3.2 Spellcasting
 * Level 4.4 Conjurations
 * Level 5.0 Fire Magic


You had 8 spell levels left.
You knew the following spells:

 Your Spells              Type           Power      Damage    Failure   Level
b - Scorch                Fire           46%        2d7       5%          2
p - Foxfire               Conj/Fire      88%        2x1d8     4%          1

Your spell library contained the following spells:

 Spells                   Type           Power      Damage    Failure   Level
 Sandblast                Erth           6%         2d5       28%         1
 Magic Dart               Conj           84%        1d7       4%          1
 Searing Ray              Conj           42%        2d6       7%          2
 Conjure Flame            Conj/Fire      22%        6-21      12%         3
 Inner Flame              Hex/Fire       13%        N/A       30%         3
 Flame Wave               Conj/Fire      22%        2d7       38%         4
 Fulminant Prism          Conj/Hex       6%         3d7       75%         4
 Borgnjor's Revivificati  Necr           1%         N/A       100%        8
 Necromutation            Tmut/Necr      1%         N/A       100%        8
 Death's Door             Necr           1%         N/A       100%        9


Dungeon Overview and Level Annotations

Branches:
Dungeon (4/15)
 Temple: D:4-7

Altars:
Elyvilon
Vehumet

Shops:
D:4 ?


Innate Abilities, Weirdness & Mutations

You are immune to sickness and miasma.
Your stone body is resilient. (AC +4)
You are immune to poison.
You resist negative energy. (rN+)
You are resistant to electric shocks. (rElec)
You are resistant to unholy torment.
You are immune to petrification.


Message History

The gnoll hits you from afar with a +0 spear.
You struggle against the net.
The gnoll hits you but does no damage.
You tear a large gash into the net.
The gnoll barely misses you. x3
You struggle against the net.
The gnoll barely misses you.
The gnoll hits you from afar with a +0 spear.
The gnoll hits you but does no damage.
The gnoll shaman hits you but does no damage.
You shred the net and break free!
The gnoll is no longer more vulnerable to fire.
The gnoll hits you but does no damage. The gnoll closely misses you.
The gnoll barely misses you.
The gnoll shaman hits you with a +0 club.
The gnoll barely misses you.
The gnoll hits you from afar with a +0 halberd.
* * * LOW HITPOINT WARNING * * *
The gnoll shaman attacks as you move away!
The gnoll shaman barely misses you. The gnoll barely misses you.
The gnoll shaman attacks as you move away!
The gnoll shaman hits you with a +0 club!
* * * LOW HITPOINT WARNING * * *
The gnoll hits you from afar with a +0 halberd.
* * * LOW HITPOINT WARNING * * *
There is a stone staircase leading up here.
The gnoll closely misses you. The gnoll completely misses you.
The gnoll misses you.
The gnoll shaman calls upon its god to speed up the gnoll.
The gnoll seems to speed up.
The gnoll throws a throwing net.
The throwing net hits you.
You become entangled in the net!
You stop ascending the stairs.
You struggle against the net.
The gnoll barely misses you. x2
The gnoll hits you from afar with a +0 halberd.
* * * LOW HITPOINT WARNING * * *
The gnoll shaman hits you but does no damage.
The gnoll hits you but does no damage.
You struggle against the net.
The gnoll hits you from afar with a +0 spear.
* * * LOW HITPOINT WARNING * * *
The gnoll barely misses you. x2
The gnoll hits you from afar with a +0 spear.
You die...

#.###.............
..#...............
..................
##................
##................
........................
......g.gg..............
#.#..gg.............##.
..#...@...#..........##
#)#......## ...###.....
##........###...# #.....
#...........#.(.###..†..
........#..##...........
........#..#............
..#.>..........#...##.#.
####...........###.####.
###....)......#.##.####.


You could see a gnoll shaman and 4 gnolls.

Vanquished Creatures
  An ogre (D:4)
  A hound (D:4)
  Jessica (D:2)
  Natasha (thrice) (D:2)
  3 adders
  2 worms
  A dart slug (D:2)
  4 orcs
  2 endoplasms
  13 giant cockroaches
  6 goblins
  5 hobgoblins
  6 jackals
  3 quokkas
  A ball python (D:2)
  3 bats (D:3)
  3 frilled lizards
  7 kobolds
  3 rats
68 creatures vanquished.

Vanquished Creatures (others)
  177 foxfires
177 creatures vanquished.

Grand Total: 245 creatures vanquished

Notes
Turn   | Place    | Note
-------+----------+-------------------------------------------
     0 | D:1      | lunkers the Gargoyle Fire Elementalist began the quest for
                  | the Orb.
     0 | D:1      | Reached XP level 1. HP: 10/10 MP: 3/3
   224 | D:1      | Found a faded altar of an unknown god.
   720 | D:1      | Reached XP level 2. HP: 15/15 MP: 3/5
   723 | D:1      | Learned a level 2 spell: Scorch
  1209 | D:2      | Found a radiant altar of Vehumet.
  1227 | D:2      | Reached XP level 3. HP: 19/19 MP: 3/6
  1236 | D:2      | Noticed Jessica
  1240 | D:2      | Killed Jessica
  1243 | D:2      | Became a worshipper of Vehumet
  1254 | D:2      | Identified the +1 ring mail of Yesterday {Str+2 Int+3}
  1286 | D:2      | Noticed Natasha
  1292 | D:2      | Killed Natasha
  1293 | D:2      | Reached XP level 4. HP: 24/24 MP: 3/7
  1293 | D:2      | Noticed Natasha
  1295 | D:2      | Killed Natasha
  1296 | D:2      | Reached skill level 4 in Fire Magic
  1471 | D:2      | Noticed Natasha
  1475 | D:2      | Killed Natasha
  1476 | D:2      | Reached XP level 5. HP: 28/28 MP: 5/9
  2288 | D:3      | Reached * piety under Vehumet
  2288 | D:3      | Offered knowledge of Sandblast by Vehumet.
  2348 | D:3      | Found a white marble altar of Elyvilon.
  2522 | D:3      | Identified the +1 robe "Ushungo" {rPois rF+ Stlth-}
  2919 | D:4      | Found Zajo's Magic Scroll Boutique.
  2929 | D:4      | Noticed an ogre
  2935 | D:4      | Killed an ogre
  2936 | D:4      | Reached XP level 6. HP: 10/32 MP: 3/10
  3206 | D:4      | Reached skill level 5 in Fire Magic
  3279 | D:4      | Slain by a gnoll

Illustrated notes

Levels and vault maps discovered:
D:1:      psy_arrival_spokes, layout_basic,
          dreamdust_ecumenical_altar_angels_and_demons
D:2:      minmay_roachtagon, layout_rooms, serial_co_window_serial,
          co_window_corner_a, co_window_paths_b, co_window_paths_b,
          co_window_of_opportunity_a, co_window_paths_b, co_window_paths_a,
          co_window_broadway_c, co_window_2corner, co_window_broadway_c,
          glass_columns_b, glass_columns_a, basic_altar, uniq_jessica,
          uniq_natasha
D:3:      layout_rooms, elyvilon_altar_3, serial_forest,
          infiniplex_forest_diagonal, infiniplex_forest_end_3,
          infiniplex_forest_lined_2, infiniplex_forest_straight_1,
          infiniplex_forest_clump_small, infiniplex_forest_straight_4,
          infiniplex_forest_lined_3_way
D:4:      layout_cave_pools, serial_shops, nicolae_square_shop,
          nicolae_shop_bloodbath_and_beyond, kennysheep_little_box,
          nicolae_shop_temple_entry_statues_fountains, eino_curves_04

Skill      XL: |  1  2  3  4  5  6 |
---------------+-------------------+-----
Conjurations   | 2 3 4 |  4.4
Fire Magic     | 4 5 |  5.0
Spellcasting   | 3 |  3.2
Dodging        | |  1.5
Stealth        | |  2.1

Action                   |  1- 3 |  4- 6 || total
-------------------------+-------+-------++-------
Melee: Unarmed           |     1 |       ||     1
       Dagger            |     3 |    42 ||    45
 Cast: Foxfire           |    51 |    46 ||    97
       Scorch            |       |    34 ||    34
Armor: Robe              |     6 |       ||     6
       Ring mail         |       |    65 ||    65
Dodge: Dodged            |    16 |    62 ||    78

Table legend: (Time is in decaauts)
 A = Elapsed time spent in this place.
 B = Non-inter-level travel time spent in this place.
 C = Inter-level travel time spent in this place.
 D = Time resting spent in this place.
 E = Time spent auto-exploring this place.
 F = Levels seen in this place.
 G = Mean time per level.
                   A        B        C        D        E       F      G
               +--------+--------+--------+--------+--------+-----+--------+
         Total |   3277 |   3165 |    112 |     48 |   2568 |   4 |  819.2 |
       Dungeon |   3277 |   3165 |    112 |     48 |   2568 |   4 |  819.2 |
               +--------+--------+--------+--------+--------+-----+--------+

Top non-repeatable levels by time:
     D:1: 1191 daAuts
     D:3: 850 daAuts
     D:2: 830 daAuts
     D:4: 404 daAuts
